 Dungeon Crawl Stone Soup version 0.20.1-1-g8b1a95d (webtiles) character file.

7295 Monsterracer the Martial Artist (level 10, 0/88 HPs)
             Began as a Purple Draconian Transmuter on Oct 14, 2017.
             Was a High Priest of Ru.
             Slain by a steam dragon (2 damage)
             ... on level 2 of the Lair of Beasts on Oct 15, 2017.
             The game lasted 00:33:50 (16418 turns).

Monsterracer the Martial Artist (DrTm)             Turns: 16418, Time: 00:33:51

Health: 0/88       AC: 10    Str: 12    XL:     10   Next: 89%
Magic:  2/16       EV: 16    Int: 16    God:    Ru [*****.]
Gold:   567        SH:  0    Dex: 16    Spells: 1/18 levels left

rFire    . . .     SeeInvis .     - Unarmed
rCold    + . .     Gourm    +   (shield currently unavailable)
rNeg     . . .     Faith    .   (armour unavailable)
rPois    .         Spirit   .   (helmet restricted)
rElec    .         Reflect  .   u - +2 cloak
rCorr    .         Harm     .   (gloves currently unavailable)
MR       .....                  (no boots)
Stlth    +.........             l - amulet of the gourmand
Regen    1.3/turn               E - +5 ring of dexterity
MPRegen  0.2/turn               h - ring of protection from cold

@: blade hands, frozen, very slightly contaminated, regenerating (expiring),
drained, very slow
A: breathe power, unfitting armour, clumsy 1, cold-blooded, magic vulnerability
1, inexperienced 1, missing an eye, AC +7
a: Breathe Dispelling Energy, End Transformation, Draw Out Power, Power Leap,
Apocalypse, Renounce Religion


You were on level 2 of the Lair of Beasts.
You worshipped Ru.
Ru was extremely pleased with you.
You were very full.
You had blades for hands.
You visited 3 branches of the dungeon, and saw 13 of its levels.
You also visited: Ossuary.

You collected 567 gold pieces.

Inventory:

Hand Weapons
 b - the +1 short sword of Xetabiv {flame, rElec Stlth+, !a}
   (You found it on level 9 of the Dungeon)

   It has been specially enchanted to burn those struck by it, causing extra
   injury to most foes and up to half again as much damage against particularly
   susceptible opponents.
   It insulates you from electricity.
   It makes you more stealthy.
Missiles
 a - 164 arrows
Armour
 p - a +0 buckler
 u - a +2 cloak (worn)
Jewellery
 g - an uncursed ring of flight
 h - a ring of protection from cold (right scythe-like blade)
 l - an amulet of the gourmand (around neck)
 v - an uncursed ring of resist corrosion
 E - a +5 ring of dexterity (left scythe-like blade)
Wands
 A - a wand of lightning (9/15)
 I - a wand of flame (23/48)
 J - a wand of clouds (3/9)
Scrolls
 o - 3 scrolls of remove curse
 x - 2 scrolls of immolation
 y - a scroll of amnesia
 B - a scroll of recharging
 H - 2 scrolls of magic mapping
 K - a scroll of holy word
Potions
 d - 3 potions of resistance
 e - 11 potions of curing
 f - 2 potions of haste
 k - 2 potions of brilliance
 q - 2 potions of flight
 r - 4 potions of mutation
 t - 2 potions of invisibility
 w - a potion of ambrosia
 C - 2 potions of might
 D - a potion of berserk rage
 G - a potion of agility {unknown}
Comestibles
 c - 8 bread rations
 i - 26 fruits
 j - 3 royal jellies
 n - 3 meat rations


   Skills:
 + Level 7.7(7.6) Fighting
 + Level 5.6(5.5) Dodging
 * Level 3.3(3.2) Shields
 * Level 11.4 Unarmed Combat
 + Level 4.5 Spellcasting
 - Level 3.1(3.0) Hexes
 - Level 3.0 Charms
 * Level 1.3(1.2) Necromancy
 - Level 10.4(10.3) Transmutations
 - Level 3.3(3.2) Air Magic


You had one spell level left.
You knew the following spells:

 Your Spells              Type           Power        Failure   Level  Hunger
a - Ice Form              Ice/Tmut       ###.....     61%         4    ####...
b - Sticks to Snakes      Tmut           #####...     11%         2    ##.....
c - Confusing Touch       Hex            ##....       32%         1    None
d - Blade Hands           Tmut           #####.....   36%         5    ######.
e - Swiftness             Chrm/Air       ##......     38%         2    ##.....
f - Regeneration          Chrm/Necr      ##........   63%         3    ###....


Dungeon Overview and Level Annotations

Branches:
Dungeon (10/15)            Temple (1/1) D:4            Lair (2/6) D:8
    Orc (0/2) D:10
  Swamp: Lair:2-4    Shoals: Lair:2-4     Snake: Lair:2-4    Spider: Lair:2-4

Altars:
Ashenzari
Cheibriados
Dithmenos
Elyvilon
Fedhas
Gozag
Hepliaklqana
Kikubaaqudgha
Makhleb
Nemelex Xobeh
Okawaru
Qazlal
Ru
Sif Muna
Trog
Uskayaw
Vehumet
Xom
Yredelemnul
Zin
The Shining One

Annotations:
D:8 1 runed door


Innate Abilities, Weirdness & Mutations

You can breathe bolts of dispelling energy.
Your rich purple scales are hard. (AC +7)
You cannot fit into any form of body armour.
You are clumsy. (Dex -2)
You are cold-blooded and may be slowed by cold attacks.
You are slightly vulnerable to magic. (MR-)
You are somewhat inexperienced. (-2 XL)
You are missing an eye, making it more difficult to aim.


Message History

Casting: Blade Hands
Confirm with . or Enter, or press ? or * to list all spells.
Okay, then.
Casting: Blade Hands
Confirm with . or Enter, or press ? or * to list all spells.
Your skin crawls.
The steam dragon hisses angrily.
The steam dragon bites you!
* * * LOW HITPOINT WARNING * * *
The steam dragon claws you but does no damage.
Huge Dmg: -7%(-6hp) hp: 21%(18hp)
Casting: Regeneration
Confirm with . or Enter, or press ? or * to list all spells.
You miscast Blade Hands.
You are very lightly contaminated with residual magic.
The air around you crackles with energy!
The steam dragon is stunned by your will and fails to attack.
A rime drake comes into view.
Unknown command.
Casting: Blade Hands
Confirm with . or Enter, or press ? or * to list all spells.
Your hands turn into razor-sharp scythe blades.
* * * LOW MAGIC WARNING * * *
Your skin is crawling a little less now.
The rime drake breathes ice at you. The flash freeze hits you!
You partially resist.
* * * LOW HITPOINT WARNING * * *
You are encased in ice.
The steam dragon bites you.
You die...

.....#..........#........
.........##....##.......
........######## .......
#.......## .8.# ......S
.........# ..... .......
..... ..##8.>.8
.$....##......
.k.........# #...##@#
#+### #....D###.....#
#.#####.......#
........†.#t..#
....8.......8.#
...............
#..#.##.#....... ##...
.###.....# .## . ##+.##


You could see a rime drake and a steam dragon.

Vanquished Creatures
  2 two-headed ogres
  The ghost of Irenicus the Grappler, a novice DDMo of Makhleb (D:9)
  2 spiny frogs (Lair:1)
  2 black mambas
  3 rime drakes (Lair:2)
  A komodo dragon (Lair:1)
  2 trolls
  Grinder (D:3)
  4 blink frogs
  4 hippogriffs
  A wyvern (D:8)
  Eustachio (D:6)
  8 yaks
  A basilisk (Lair:2)
  A hungry ghost (D:7)
  The ghost of Frank the Skirmisher, an amateur OpFi (Ossuary)
  3 porcupines
  2 orc warriors
  2 sky beasts
  3 ice beasts
  5 ogres
  2 black bears
  6 wolves
  2 centaurs
  A big kobold (D:7)
  3 crocodiles
  A bullfrog (D:6)
  A gnoll sergeant (D:10)
  4 scorpions
  10 killer bees (D:10)
  5 wights (D:7)
  2 electric eels (D:8)
  6 howler monkeys
  4 crimson imps
  14 hounds
  3 orc priests
  4 centaur zombies
  4 jellies
  A centaur skeleton (D:8)
  A human zombie (Ossuary)
  Jessica (D:3)
  A bullfrog skeleton (D:9)
  Terence (D:3)
  2 iguanas
  9 orc wizards
  11 worker ants
  5 mummies
  4 gnolls (D:10)
  A worker ant zombie (D:5)
  8 adders
  8 river rats (D:5)
  5 shadow imps
  2 oozes
  An adder zombie (D:7)
  An adder skeleton (D:5)
  3 worms
  3 dart slugs
  4 leopard geckos
  29 orcs
  8 bats
  3 giant cockroaches
  A gnoll zombie (Ossuary)
  6 goblins
  11 hobgoblins
  14 jackals
  13 kobolds
  14 quokkas
  A ball python (D:3)
  4 frilled lizards
  2 goblin zombies (D:6)
  A hobgoblin zombie (Ossuary)
  3 kobold zombies (Ossuary)
  A leopard gecko zombie (D:5)
  A quokka zombie (D:5)
  36 rats
342 creatures vanquished.

Vanquished Creatures (others)
  A rime drake (Lair:2)
  4 fungi
5 creatures vanquished.

Grand Total: 347 creatures vanquished

Notes
Turn   | Place    | Note
-------+----------+-------------------------------------------
     0 | D:1      | Monsterracer the Draconian Transmuter began the quest for the Orb.
     0 | D:1      | Reached XP level 1. HP: 16/16 MP: 3/3
   132 | D:1      | Reached XP level 2. HP: 20/23 MP: 3/5
   268 | D:1      | Learned a level 2 spell: Sticks to Snakes
   513 | D:1      | Reached XP level 3. HP: 25/28 MP: 4/6
   518 | D:1      | Learned a level 3 spell: Spider Form
   968 | D:2      | HP: 14/28 [poisoned by an adder]
   976 | D:2      | HP: 13/28 [poisoned by an adder]
  1556 | D:2      | Reached skill level 4 in Unarmed Combat
  1556 | D:2      | Reached XP level 4. HP: 22/35 MP: 3/7
  2107 | D:3      | Noticed Jessica
  2120 | D:3      | Killed Jessica
  2390 | D:3      | Found a bloodstained altar of Trog.
  2392 | D:3      | Found a white marble altar of Elyvilon.
  2604 | D:3      | Reached XP level 5. HP: 40/40 MP: 8/8
  2643 | D:3      | Noticed Grinder
  2643 | D:3      | Noticed Terence
  2643 | D:3      | Paralysed by Grinder for 3 turns
  2653 | D:3      | Killed Terence
  2666 | D:3      | HP: 19/40 [Grinder (4)]
  2676 | D:3      | Killed Grinder
  2676 | D:3      | Reached skill level 5 in Unarmed Combat
  2676 | D:3      | Reached skill level 5 in Transmutations
  2676 | D:3      | Reached XP level 6. HP: 20/47 MP: 5/9
  3527 | D:4      | Reached skill level 6 in Unarmed Combat
  3527 | D:4      | Your scales start taking on a rich purple colour.
  3527 | D:4      | Reached XP level 7. HP: 52/52 MP: 6/10
  3849 | D:4      | Found a staircase to the Ecumenical Temple.
  3856 | Temple   | Entered the Ecumenical Temple
  3925 | Temple   | Became a worshipper of Ru the Awakened
  4272 | D:4      | HP: 15/52 [ogre/giant club (20)]
  4291 | D:4      | Learned a level 5 spell: Blade Hands
  5028 | D:5      | Entered Level 5 of the Dungeon
  5080 | D:5      | Reached skill level 7 in Unarmed Combat
  5194 | D:5      | Reached XP level 8. HP: 61/61 MP: 5/11
  5769 | D:5      | Gained mutation: You are clumsy. (Dex -2) [Ru sacrifice]
  5786 | D:5      | Found a sacrificial altar of Ru.
  6413 | D:6      | Noticed Eustachio
  6420 | D:6      | Killed Eustachio
  6596 | D:6      | Found a sand-covered staircase.
  6692 | Ossuary  | Entered an ossuary
  6695 | Ossuary  | Noticed Frank's ghost (amateur OpFi)
  6709 | Ossuary  | Killed Frank's ghost
  6709 | Ossuary  | Reached skill level 8 in Unarmed Combat
  7774 | D:6      | Reached XP level 9. HP: 67/71 MP: 12/12
  8669 | D:7      | Gained mutation: You are slightly vulnerable to magic. (MR-) [Ru sacrifice]
  8669 | D:7      | Reached * piety under Ru
  8932 | D:7      | Reached skill level 9 in Unarmed Combat
  9450 | D:8      | Found a runed door.
  9459 | D:8      | Noticed a sixfirhy
  9522 | D:8      | Reached skill level 5 in Fighting
  9624 | D:8      | Noticed a troll
  9641 | D:8      | HP: 31/74 [troll (11)]
  9642 | D:8      | Killed a troll
  9704 | D:8      | HP: 32/74 [worker ant (4)]
 10105 | D:8      | Found a staircase to the Lair.
 10127 | D:8      | Reached XP level 10. HP: 63/81 MP: 13/13
 10214 | D:8      | Found a glowing silver altar of Zin.
 11070 | D:8      | Learned a level 4 spell: Ice Form
 11153 | D:8      | Noticed a two-headed ogre
 11202 | D:8      | Killed a two-headed ogre
 11202 | D:8      | Reached skill level 10 in Unarmed Combat
 11510 | D:9      | Noticed Irenicus's ghost (novice DDMo)
 11528 | D:9      | Killed Irenicus's ghost
 11528 | D:9      | Reached skill level 10 in Transmutations
 11723 | D:9      | Got a translucent short sword
 11724 | D:9      | Identified the cursed +1 short sword of Xetabiv {flame, rElec Stlth+} (You found it on level 9 of the Dungeon)
 11889 | D:9      | Gained mutation: You are missing an eye, making it more difficult to aim. [Ru sacrifice]
 11889 | D:9      | Reached ** piety under Ru
 12382 | D:9      | Learned a level 1 spell: Confusing Touch
 12642 | D:9      | Learned a level 2 spell: Swiftness
 12797 | D:9      | Noticed a two-headed ogre
 12804 | D:9      | Killed a two-headed ogre
 12804 | D:9      | Reached skill level 1 in Hexes
 12804 | D:9      | Reached skill level 1 in Charms
 13128 | D:10     | Entered Level 10 of the Dungeon
 13415 | D:10     | Reached XP level 11. HP: 88/91 MP: 10/16
 13799 | D:10     | Reached skill level 5 in Dodging
 14007 | D:10     | Found a shadowy altar of Dithmenos.
 14027 | D:10     | Found a staircase to the Orcish Mines.
 14452 | D:10     | Gained mutation: You are somewhat inexperienced. (-2 XL) [Ru sacrifice]
 14452 | D:10     | Reached XP level 10. HP: 83/86 MP: 12/15
 14452 | D:10     | Reached XP level 9. HP: 79/79 MP: 12/14
 14452 | D:10     | Reached *** piety under Ru
 14452 | D:10     | Reached **** piety under Ru
 14452 | D:10     | Reached ***** piety under Ru
 14706 | Lair:1   | Entered Level 1 of the Lair of Beasts
 14714 | Lair:1   | Noticed a komodo dragon
 14719 | Lair:1   | Reached skill level 11 in Unarmed Combat
 14725 | Lair:1   | Killed a komodo dragon
 14867 | Lair:1   | Noticed a spiny frog
 14873 | Lair:1   | Killed a spiny frog
 15093 | Lair:1   | Reached skill level 1 in Air Magic
 15432 | Lair:1   | Noticed a spiny frog
 15438 | Lair:1   | Killed a spiny frog
 15438 | Lair:1   | Reached skill level 1 in Shields
 15737 | Lair:2   | Noticed a catoblepas
 15737 | Lair:2   | Reached XP level 10. HP: 86/86 MP: 9/16
 15738 | Lair:2   | Noticed a black mamba
 15784 | Lair:1   | Learned a level 3 spell: Regeneration
 15819 | Lair:2   | Killed a black mamba
 15837 | Lair:2   | HP: 40/86 [blink frog (10)]
 15842 | Lair:2   | HP: 37/86 [yak (3)]
 15842 | Lair:2   | HP: 17/86 [blink frog (20)]
 15845 | Lair:2   | HP: 5/86 [yak (12)]
 15851 | Lair:1   | HP: 26/129 [yak (7)]
 16079 | Lair:1   | Noticed a black mamba
 16132 | Lair:1   | Killed a black mamba
 16264 | Lair:2   | Noticed a black mamba
 16278 | Lair:2   | HP: 39/86 [porcupine (10)]
 16283 | Lair:2   | HP: 25/86 [rime drake (1)]
 16286 | Lair:2   | HP: 8/86 [rime drake/flash freeze (18)]
 16379 | Lair:2   | HP: 12/86 [rime drake/flash freeze (18)]
 16384 | Lair:2   | HP: 25/86 [rime drake/flash freeze (18)]
 16388 | Lair:2   | HP: 9/86 [wolf (8)]
 16399 | Lair:2   | HP: 26/86 [rime drake/flash freeze (2)]
 16400 | Lair:2   | Reached skill level 1 in Necromancy
 16413 | Lair:2   | HP: 23/88 [crocodile (6)]
 16418 | Lair:2   | HP: 2/88 [rime drake/flash freeze (18)]
 16418 | Lair:2   | Slain by a steam dragon

Skill      XL: |  1  2  3  4  5  6  7  8  9 10 11 |
---------------+----------------------------------+-----
Transmutations | 3 4 5 6 8 9 10 | 10.4
Unarmed Combat | 4 5 6 7 8 11 10 | 11.4
Fighting       | 2 4 5 6 7 |  7.7
Dodging        | 3 4 5 |  5.6
Spellcasting   | 4 3 |  4.5
Hexes          | 3 2 |  3.1
Charms         | 3 2 |  3.0
Air Magic      | 1 3 |  3.3
Shields        | 1 3 |  3.3
Necromancy     | 1 |  1.3

Action                   |  1- 3 |  4- 6 |  7- 9 | 10-12 || total
-------------------------+-------+-------+-------+-------++-------
Melee: Unarmed           |   174 |   131 |   552 |   313 ||  1170
       Tailslap          |    16 |     3 |    47 |    32 ||    98
       Kick              |     7 |       |       |       ||     7
       Headbutt          |     4 |       |       |       ||     4
       Punch             |       |     1 |    14 |    13 ||    28
       Short sword       |       |       |       |     2 ||     2
Throw: Throwing net      |     1 |       |       |       ||     1
 Cast: Beastly Appendage |    13 |       |       |       ||    13
       Spider Form       |     1 |     8 |    23 |     2 ||    34
       Sticks to Snakes  |     1 |       |     1 |       ||     2
       Blade Hands       |       |       |    18 |    27 ||    45
       Confusing Touch   |       |       |     1 |       ||     1
       Regeneration      |       |       |       |     1 ||     1
Invok: Sacrifice Purity  |       |       |     1 |       ||     1
       Sacrifice Essence |       |       |     1 |       ||     1
       Sacrifice Experie |       |       |     1 |       ||     1
       Draw Out Power    |       |       |       |     1 ||     1
       Apocalypse        |       |       |       |     1 ||     1
       Sacrifice an Eye  |       |       |       |     1 ||     1
 Abil: Breathe Dispellin |       |       |    13 |    15 ||    28
  Use: Scroll            |       |       |    22 |    11 ||    33
       Potion            |       |       |       |     3 ||     3
 Stab: Distracted        |       |       |     1 |     2 ||     3
       Invisible         |       |       |     1 |     1 ||     2
       Confused          |       |       |     1 |       ||     1
  Eat: Chunk             |     4 |    15 |    36 |    34 ||    89
Armor: Skin              |    47 |    24 |    95 |    74 ||   240
Dodge: Dodged            |   139 |    83 |   364 |   221 ||   807

Vault maps used:
D:1:      minmay_arrival_stone_box, minmay_octomino_e4
D:3:      chequers_temple_overflow_statue_of_worship, first_bread, uniq_jessica,
          uniq_grinder, uniq_terence
D:4:      minmay_temple_entry_junction, minmay_rat_hole
D:5:      lemuel_ratsnest, minmay_crystal_room, nicolae_ru_the_path_less_chosen
D:6:      nicolae_ossuary_entry_giza, uniq_eustachio
D:8:      cheibrodos_shockbox, zin_academy, erik_lair_island
D:10:     orc_0_dummy, nicolae_dithmenos_the_darkroom
Temple:   dpeg_five_rooms_temple
Lair:1:   serial_bayou_shore_b, serial_bayou_shore_b, lemuel_fruit_tree
Lair:2:   bobbens_dragon_lair_wall, grunt_megastairs_1,
          infiniplex_staircase_pool_2
Ossuary:  ossuary_crypta
